 Dungeon Crawl Stone Soup version 0.31-a0-691-g409c26aa35 (webtiles) character file.

Game seed: 12343773196707889341

1873 Dordric the Martial Artist (level 9, -1/79 HPs)
             Began as an Octopode Shapeshifter on Sept 7, 2023.
             Succumbed to a gnoll's poison
             ... on level 3 of the Dungeon.
             The game lasted 00:07:49 (5694 turns).

Dordric the Martial Artist (Octopode Shapeshifter)  Turns: 5694, Time: 00:07:49

Health: -1/79      AC: 28    Str: 13    XL:     9   Next: 14%
Magic:  9/9        EV:  2    Int: 13    God:
Gold:   363        SH:  0    Dex: 15    Spells: 8/8 levels left

rFire   + .          .
                       - Unarmed
rCold   + . .        (no shield)
rNeg    . . .        (helmet currently unavailable)
rPois   +            u - amulet of the acrobat
rElec   +            q - +4 ring of protection
rCorr   +            (no ring)
SInv    .            (no ring)
Will    .....        (no ring)
Stlth   +            (no ring)
HPRegen 0.33/turn    (no ring)
MPRegen 0.11/turn    (no ring)
                     (no ring)

%: acrobat
@: lethally poisoned (-1 -> -21), tree-form, resistant
A: stationary, stasis, torment immunity, boosted hp, almost no armour,
(amphibious), 8 rings, (camouflage 1), (gelatinous body 1), (nimble swimmer 1),
(tentacles)
a: no special abilities


You were on level 3 of the Dungeon.
You were a tree.
You visited 1 branch of the dungeon, and saw 7 of its levels.

You collected 363 gold pieces.

Inventory:

Hand Weapons
 m - a +2 dagger of venom
 s - the +5 dagger "Hosiqay" {venom, rN++ Str+2}
   (You found it on level 4 of the Dungeon)

   Str+2:     It affects your strength (+2).
   rN++:      It greatly protects you from negative energy.
Jewellery
 d - a ring of fire
 q - a +4 ring of protection (left branch)
 u - an amulet of the acrobat (around neck)
 B - a ring of ice
Talismans
 b - a beast talisman
 c - a flux talisman
 z - a serpent talisman
Wands
 l - a wand of mindburst (15)
Scrolls
 f - a scroll of poison
 h - 3 scrolls of teleportation
 r - a scroll of enchant armour
 v - a scroll of fog
 x - a scroll of enchant weapon
 y - a scroll of blinking
 A - a scroll of brand weapon
Potions
 a - 3 potions of lignification
 e - 3 potions of might
 g - a potion of brilliance
 i - 2 potions of attraction
 k - 2 potions of enlightenment
 o - a potion of resistance
 p - a potion of haste {unknown}
 t - 2 potions of mutation {unknown}
 w - 2 potions of cancellation {unknown}


   Skills:
 - Level 1.0 Fighting
 - Level 2.0 Dodging
 - Level 9.2 Unarmed Combat
 + Level 7.7 Shapeshifting


You had 8 spell levels left.
You didn't know any spells.
Your spell library contained the following spells:

 Spells                   Type           Power      Damage    Failure   Level
 Lesser Beckoning         Tloc           0%         N/A       43%         2
 Gell's Gravitas          Tloc           0%         N/A       67%         3
 Stone Arrow              Conj/Erth      0%         3d7       67%         3
 Teleport Other           Tloc           0%         N/A       67%         3
 Lehudib's Crystal Spear  Conj/Erth      0%         10d2      100%        8
 Animate Armour           Summ/Erth      Unusable   N/A       N/A         4

Dungeon Overview and Level Annotations

Branches:
Dungeon (7/15)
 Temple: D:4-7

Altars:
Ashenzari
Dithmenos
Fedhas
Gozag
Vehumet
Xom

Shops:
D:1 =   D:5 (

Annotations:
D:3 1 transporter
D:7 Prince Ribbit


Innate Abilities, Weirdness & Mutations

You are a tree.
Your roots penetrate the ground, keeping you stationary.
You cannot be teleported.
You are immune to unholy pain and torment.
Your maximum health is greatly increased.
You cannot wear most types of armour.
((You are amphibious.))
You can wear up to eight rings at the same time.
((Your skin changes colour to match your surroundings (Stealth+).))
((Your rubbery body absorbs attacks. (AC +1, EV +1)))
((You are camouflaged when in or above water. (Stealth+)))
((You have tentacles for arms and can constrict up to eight enemies at once.))


Message History

Your transformation has ended.
You turn into a tree.
Your roots penetrate the ground.
* * * LOW HITPOINT WARNING * * *
You feel very sick. The gnoll barely misses you.
Dordric's ghost hits you but does no damage.
You smack Dordric's ghost!
Dordric's ghost is heavily damaged.
* * * LOW HITPOINT WARNING * * *
You feel sick.
You feel better. The gnoll hits you but does no damage.
You are poisoned.
Dordric's ghost completely misses you.
You feel better.
The gnoll hits you but does no damage. x2
You are poisoned.
Dordric's ghost hits you but does no damage.
You smack Dordric's ghost!
Dordric's ghost is almost destroyed.
You feel very sick.
The gnoll hits you but does no damage. x2; Dordric's ghost hits you.
* * * LOW HITPOINT WARNING * * *
You pummel Dordric's ghost!!
You destroy Dordric's ghost!
You feel sick.
The gnoll hits you but does no damage. x2
You are lethally poisoned!
You cannot move.
* * * LOW HITPOINT WARNING * * *
You feel very sick.
The gnoll hits you but does no damage. x2
It was a potion of resistance.
You feel protected.
* * * LOW HITPOINT WARNING * * *
You feel very sick.
The gnoll hits you but does no damage. x2
You are more poisoned.
Aiming: Mindburst
Press: ? - help, Shift-Dir - straight line, f - gnoll
Aim: a gnoll, wielding a +2 spear of venom (chance to affect: 72%)
The gnoll struggles to resist.
You die...

##..#.≈≈#..###.###..#≈≈...##.#
##.....≈≈#...........#≈≈.#.##.#
#......≈≈###.##'##.###≈≈.#.....
#......≈≈..#.#...#.#..≈≈......#
#......≈≈.##gg...'.##.≈≈.#.####
#......≈≈.#gg#...#..#.≈≈.#.#
#.#....≈≈.##.##.##.##.≈≈.#.#
###.##.......#g#...#.#..≈≈...#
............©#.)♣©g'.#©.~~.###
#.#.####.....#.#8⌠8#.#..≈≈.#
#....###.≈≈[##.#####.##.≈≈.#
#.....##.≈≈.#..#$:=# ©#.≈≈.#
#.....##.≈≈.##.#(..#.##.≈≈.#
#........≈≈..#.#$$$#.#..≈≈.#
#..#.....≈≈###.##g##.###≈≈.######
#..#.###.≈≈#.....W.gW..#≈≈.......
#..#.# #.≈≈#..###g###..#≈≈.#.####


You could see 2 gnolls.

Vanquished Creatures
  The ghost of Dordric the Changeling, an amateur OpSh (D:3)
  An ice beast (D:6)
  2 black bears
  2 centaurs
  4 scorpions
  A howler monkey (D:4)
  4 crimson imps (D:3)
  2 hounds (D:5)
  4 jellies
  7 orc priests
  A gnoll bouda (D:3)
  A sleepcap (D:6)
  An iguana (D:5)
  An orc wizard (D:7)
  Robin (D:3)
  11 adders
  7 gnolls
  A white imp (D:7)
  4 ufetubi
  3 dart slugs
  29 orcs
  8 ball pythons
  3 bats
  5 endoplasms
  16 hobgoblins
  10 jackals
  3 quokkas
  2 frilled lizards (D:2)
  15 goblins
  11 kobolds
  6 rats
167 creatures vanquished.

Notes
Turn   | Place    | Note
-------+----------+-------------------------------------------
     0 | D:1      | Dordric the Octopode Shapeshifter began the quest for the
                  | Orb.
     0 | D:1      | Reached XP level 1. HP: 13/13 MP: 1/1
   116 | D:1      | Found Kijitant's Jewellery Boutique.
   201 | D:1      | Reached XP level 2. HP: 15/18 MP: 2/2
   454 | D:1      | Reached skill level 4 in Unarmed Combat
   483 | D:1      | Reached XP level 3. HP: 23/23 MP: 3/3
   956 | D:2      | Reached XP level 4. HP: 23/28 MP: 4/4
  1130 | D:2      | Reached skill level 5 in Unarmed Combat
  1252 | D:3      | Found a shimmering altar of Xom.
  1279 | D:3      | Reached XP level 5. HP: 11/33 MP: 5/5
  1281 | D:3      | Reached skill level 6 in Unarmed Combat
  1405 | D:3      | Reached XP level 6. HP: 34/38 MP: 6/6
  1552 | D:3      | Reached skill level 7 in Unarmed Combat
  1615 | D:3      | Found a broken altar of Ashenzari.
  1615 | D:3      | Noticed Robin
  1633 | D:3      | Killed Robin
  1778 | D:3      | Found a transporter.
  1796 | D:3      | Noticed Dordric's ghost (amateur OpSh)
  1869 | D:3      | Found a transporter.
  2302 | D:4      | Reached XP level 7. HP: 30/43 MP: 7/7
  2410 | D:4      | Reached skill level 8 in Unarmed Combat
  3036 | D:4      | Identified the +5 dagger "Hosiqay" {venom, rN++ Str+2}
  3206 | D:4      | Found a shadowy altar of Dithmenos.
  3303 | D:5      | Entered Level 5 of the Dungeon
  3368 | D:5      | Reached skill level 9 in Unarmed Combat
  3635 | D:5      | Found Gaucw's Weapon Shoppe.
  3690 | D:5      | Reached XP level 8. HP: 43/48 MP: 8/8
  3736 | D:5      | Found an opulent altar of Gozag.
  4356 | D:6      | Reached skill level 5 in Shapeshifting
  4366 | D:6      | Found a radiant altar of Vehumet.
  4964 | D:6      | Identified the +1 ring mail of the Bagpipe {Slay+3}
  5159 | D:7      | Found a blossoming altar of Fedhas.
  5385 | D:7      | Noticed Prince Ribbit
  5437 | D:7      | Reached XP level 9. HP: 39/53 MP: 9/9
  5686 | D:3      | HP: 3/79 [poisoned by a gnoll]
  5687 | D:3      | HP: 1/79 [poisoned by a gnoll]
  5691 | D:3      | Killed Dordric's ghost
  5694 | D:3      | Succumbed to a gnoll's poison

Illustrated notes

Levels and vault maps discovered:
D:1:      dpeg_arrival_arbitrary_c, layout_basic, serial_shops, shop
D:2:      layout_rooms, minmay_misc_feat_columns
D:3:      layout_loops_ring, cheibrodos_ashenzari_chains, led_xom_imps,
          gammafunk_ghost_gnarly_gnolls, uniq_robin
D:4:      corexii_shantytown, layout_basic, nicolae_dithmenos_the_darkroom,
          grunt_decor_fettered
D:5:      layout_loops_cross, mainiacjoe_overflow_alcove_1, serial_shops, shop
D:6:      layout_basic, nicolae_vehumet_radiance
D:7:      minmay_razor_zed, layout_rooms, mainiacjoe_overflow_large_starburst,
          minmay_temple_entry_enclosed_plants, serial_bayou_pond_c,
          chequers_serial_rivers_micro_e, chequers_serial_rivers_room_b,
          kennysheep_generic_room_11, uniq_prince_ribbit1,
          uniq_crazy_yiuf_cottage

Skill      XL: |  1  2  3  4  5  6  7  8 |
---------------+-------------------------+-----
Unarmed Combat | 4 5 6 7 9 |  9.2
Shapeshifting  | 7 |  7.7
Fighting       | |  1.0
Dodging        | |  2.0

Action                     |  1- 3 |  4- 6 |  7- 9 || total
---------------------------+-------+-------+-------++-------
  Melee: Unarmed           |    68 |   108 |   155 ||   331
         Constrict         |    18 |    27 |    36 ||    81
         Tentacles         |    10 |    19 |    32 ||    61
         Punch             |       |     4 |    12 ||    16
         Dagger            |       |       |    23 ||    23
  Evoke: Wand              |       |       |     1 ||     1
    Use: Scroll            |       |     8 |     6 ||    14
         Potion            |       |       |     4 ||     4
   Stab: Sleeping          |     8 |     4 |    13 ||    25
 Armour: Skin              |    23 |    37 |    99 ||   159
  Dodge: Dodged            |    48 |    42 |    90 ||   180
   Form: Anaconda          |       |       |     1 ||     1

Table legend: (Time is in decaauts)
 A = Elapsed time spent in this place.
 B = Non-inter-level travel time spent in this place.
 C = Inter-level travel time spent in this place.
 D = Time resting spent in this place.
 E = Time spent auto-exploring this place.
 F = Levels seen in this place.
 G = Mean time per level.
                   A        B        C        D        E       F      G
               +--------+--------+--------+--------+--------+-----+--------+
         Total |   5649 |   5369 |    280 |    362 |   4077 |   7 |  807.0 |
       Dungeon |   5649 |   5369 |    280 |    362 |   4077 |   7 |  807.0 |
               +--------+--------+--------+--------+--------+-----+--------+

Top non-repeatable levels by time:
     D:3: 1210 daAuts
     D:5: 1069 daAuts
     D:4: 971 daAuts
     D:6: 827 daAuts
     D:1: 663 daAuts
     D:2: 543 daAuts
     D:7: 362 daAuts
